 Dungeon Crawl Stone Soup version 0.29.1-15-g9cfb28693d (webtiles) character file.

Game seed: 12145818142488723640

124 Calibrex the Shield-Bearer (level 4, 0/45 HPs)
             Began as a Troll Fighter on Mar 30, 2023.
             Slain by an orc wizard
             ... wielding a +0 dagger
              (1 damage)
             ... on level 2 of the Dungeon.
             The game lasted 00:05:04 (1252 turns).

Calibrex the Shield-Bearer (Troll Fighter)          Turns: 1252, Time: 00:05:05

Health: 0/45       AC:  4    Str: 24    XL:     4   Next: 81%
Magic:  3/3        EV:  8    Int:  6    God:
Gold:   30         SH:  7    Dex:  9    Spells: 3/3 levels left

rFire   . . .      SeeInvis .     - Unarmed
rCold   . . .      Faith    .   b - +0 kite shield
rNeg    . . .      Spirit   .   a - +0 robe
rPois   +          Reflect  .   (helmet restricted)
rElec   .          Harm     .   (no cloak)
rCorr   .          Rampage  .   (gloves unavailable)
Will    .....                   (boots unavailable)
Stlth   +.........              (no amulet)
HPRegen 0.95/turn               e - ring of poison resistance
MPRegen 0.08/turn               (no ring)

@: no status effects
A: large, unfitting armour, claws 3, regeneration 1, shaggy fur 1, tough skin 1
a: no special abilities


You were on level 2 of the Dungeon.
You visited 1 branch of the dungeon, and saw 2 of its levels.

You collected 30 gold pieces.

Inventory:

Missiles
 g - 4 poisoned darts (quivered)
Armour
 a - a +0 robe (worn)
 b - a +0 kite shield (worn)
Jewellery
 e - a ring of poison resistance (left claw)
Scrolls
 h - 2 scrolls of identify
 i - a scroll of summoning {unknown}
 k - a scroll of enchant armour {unknown}
 l - a scroll of acquirement {unknown}
Potions
 c - a potion of might
 d - a potion of brilliance {unknown}
 f - 2 potions of curing
 j - 2 potions of lignification {unknown}
 m - a potion of resistance


   Skills:
 + Level 3.3 Fighting
 - Level 2.4 Dodging
 + Level 3.6 Shields
 + Level 3.3 Unarmed Combat


You had 3 spell levels left.
You didn't know any spells.
Your spell library was empty.

Dungeon Overview and Level Annotations

Branches:
Dungeon (2/15)

Altars:
Ashenzari

Annotations:
D:2 Terence


Innate Abilities, Weirdness & Mutations

You are too large for most types of armour.
You have claws for hands.
Your natural rate of healing is unusually fast.
You are covered in fur. (AC +1)
You have tough skin. (AC +1)


Message History

The orc priest barely misses you.
You claw the orc priest!
You kill the orc priest!
You closely miss something. Something hits you. Something hits you.
You block the goblin's attack.
You claw the goblin!
You kill the goblin!
Something hits you. You block something's attack.
Things that are here:
a +0 dagger of holy wrath; a goblin corpse You closely miss something.
Something hits you.
You claw something! Something hits you. The orc barely misses you.
You miss something.
Something hits you. x2; The orc hits you with a +0 club.
You closely miss something.
Something hits you but does no damage. x2
You block the orc's attack.
You completely miss something. Something hits you.
You block something's attack. The orc hits you but does no damage.
You barely miss something. Something hits you.
Something hits you but does no damage. The orc closely misses you.
Something hits you. x2; The orc misses you.
You closely miss something. Something hits you. x2
* * * LOW HITPOINT WARNING * * *
The orc closely misses you.
You scratch something. You block something's attack.
Something hits you but does no damage. You block the orc's attack.
You miss something. Something hits you!
* * * LOW HITPOINT WARNING * * *
You block something's attack. The orc hits you with a +0 club.
* * * LOW HITPOINT WARNING * * *
Press: ? - help, v - describe, . - travel, g - get item
Items here: a +0 dagger of holy wrath; a goblin corpse.
The floor, spattered with blood.
As you read the scroll labelled UVVIAF JYTTUR, it crumbles to dust.
It is a scroll of identify.
f - 2 potions of curing Something hits you.
* * * LOW HITPOINT WARNING * * *
Something hits you.
You die...

..8........#.## ...
..............#.##
8.........8.....#.## ...
...........#.##
8.......8....#.## ..#.#.
...#.#######
###...######.#......#
...#..#.#..#...#.#######
......o@{.......#.##
.................#.##
..................#.##
....!..............#.##
..#.##...##.#.......#.##
.#.# ##.##.#.#.......#.#
## #+######........##
###....# ##.#######
#......####.###


You could see an orc.

Vanquished Creatures
  An orc priest (D:2)
  An adder (D:2)
  4 gnolls (D:2)
  A dart slug (D:2)
  4 endoplasms
  2 giant cockroaches (D:1)
  A hobgoblin (D:1)
  8 kobolds
  A quokka (D:2)
  6 ball pythons
  7 bats (D:1)
  3 frilled lizards (D:1)
  6 goblins
  3 rats (D:1)
48 creatures vanquished.

Notes
Turn   | Place    | Note
-------+----------+-------------------------------------------
     0 | D:1      | Calibrex the Troll Fighter began the quest for the Orb.
     0 | D:1      | Reached XP level 1. HP: 22/22 MP: 0/0
   252 | D:1      | Reached XP level 2. HP: 26/29 MP: 1/1
   328 | D:1      | Found a faded altar of an unknown god.
   669 | D:1      | Reached XP level 3. HP: 36/36 MP: 2/2
   910 | D:2      | Found a broken altar of Ashenzari.
   953 | D:2      | Reached XP level 4. HP: 44/45 MP: 3/3
  1234 | D:2      | Noticed Terence
  1251 | D:2      | HP: 1/45 [orc/+0 club (2)]
  1252 | D:2      | Slain by an orc wizard

Illustrated notes

Levels and vault maps discovered:
D:1:      tarquinn_simple_flora_water_e, layout_loops_corners,
          ebering_ecumenical_altar_box
D:2:      wad_pebble_path, layout_loops_ring, basic_altar, grunt_ministairs_8,
          uniq_terence

Skill      XL: |  1  2  3 |
---------------+----------+-----
Shields        | 3 |  3.6
Fighting       | 3 |  3.3
Unarmed Combat | 3 |  3.3
Dodging        | |  2.4

Action                   |  1- 3 |  4- 6 || total
-------------------------+-------+-------++-------
Melee: Unarmed           |   122 |    32 ||   154
  Use: Scroll            |       |     1 ||     1
 Stab: Sleeping          |     1 |       ||     1
Armor: Robe              |    58 |     8 ||    66
Dodge: Dodged            |    52 |     9 ||    61
Block: Kite shield       |    48 |    12 ||    60
